 Dungeon Crawl Stone Soup version 0.30-a0-304-gdc4b735fe1 (webtiles) character file.

Game seed: 5402985572173746092

66 Sobieck the Sneak (level 3, 0/27 HPs)
             Began as an Armataur Earth Elementalist on Oct 20, 2022.
             Shot with a sling bullet by a kobold (6 damage)
             ... on level 3 of the Dungeon.
             The game lasted 00:03:05 (1714 turns).

Sobieck the Sneak (Armataur Earth Elementalist)     Turns: 1714, Time: 00:03:05

Health: 0/27       AC:  4    Str: 13    XL:     3   Next: 96%
Magic:  3/5        EV:  9    Int: 17    God:
Gold:   120        SH:  0    Dex: 10    Spells: 4/5 levels left

rFire   . . .      SeeInvis .    a - +1 dagger (speed) {short}
rCold   . . .      Faith    .    (no shield)
rNeg    . . .      Spirit   .    l - +0 robe
rPois   .          Reflect  .    (no helmet)
rElec   .          Harm     .    (no cloak)
rCorr   .          Roll     +    (no gloves)
Will    .....                    (no barding)
Stlth   ++........               (no amulet)
HPRegen 0.24/turn                p - ring of flight
MPRegen 0.09/turn                (no ring)

@: flying, very slightly contaminated
A: large, rugged brown scales 3, deformed body, armoured tail, roll, long
tongue, awkward tongue
a: no special abilities


You were on level 3 of the Dungeon.
You visited 1 branch of the dungeon, and saw 3 of its levels.

You collected 120 gold pieces.


Innate Abilities, Weirdness & Mutations

You are completely covered in rugged brown scales. (AC +3, +7% HP)
Armour fits poorly on your strangely shaped body.
You have a long armoured tail.
You roll when moving toward enemies. (Rampage)
Your long tongue fully drains potion bottles. (2x potion effects)
Your tongue gives you trouble enunciating. (1.5x scroll delay)


   Skills:
 - Level 1.3 Dodging
 + Level 3.9 Stealth
 - Level 1.7 Spellcasting
 - Level 0.8 Transmutations
 + Level 3.6 Earth Magic


You had 4 spell levels left.
You knew the following spells:

 Your Spells              Type           Power      Damage    Failure   Level
a - Sandblast             Erth           26%        2d8       4%          1

Your spell library contained the following spells:

 Spells                   Type           Power      Damage    Failure   Level
 Passwall                 Tmut/Erth      7%         N/A       12%         2
 Stone Arrow              Conj/Erth      14%        3d7       28%         3
 Summon Guardian Golem    Hex/Summ       1%         N/A       52%         3
 Petrify                  Tmut/Erth      9%         N/A       61%         4
 Orb of Destruction       Conj           0%         9d5       100%        7
 Spellforged Servitor     Conj/Summ      0%         N/A       100%        7

Inventory:

Hand Weapons
 a - a +1 dagger of speed (weapon) {short}
   (You took it off a kobold on level 1 of the Dungeon)
 c - a +0 war axe {axe}
   (You found it on level 1 of the Dungeon)
 j - a +0 quarterstaff {staff}
   (You found it on level 1 of the Dungeon)
 k - a +2 dagger of draining {short}
   (You took it off a kobold on level 1 of the Dungeon)
Missiles
 i - 21 stones {throwing}
 o - 4 curare-tipped darts {=fthrowing}
Armour
 d - a +0 scale mail
   (You found it on level 1 of the Dungeon)
 h - a +0 ring mail
   (You found it on level 1 of the Dungeon)
 l - a +0 robe (worn)
 q - a +0 ring mail
   (You found it on level 2 of the Dungeon)
 r - a scarf of invisibility
   (You found it on level 2 of the Dungeon)
 s - a +0 robe
   (You found it on level 3 of the Dungeon)
Jewellery
 p - a ring of flight (left hand)
   (You found it on level 2 of the Dungeon)
Scrolls
 e - 2 scrolls of poison {unknown}
 f - 3 scrolls of blinking {unknown}
 n - a scroll of identify {unknown}
Potions
 b - a potion of magic
 g - a potion of curing {unknown}
 m - 3 potions of flight {unknown}

Dungeon Overview and Level Annotations

Branches:
Dungeon (3/15) Zot: 16266

Altars:
Trog

#.####.###### #.#
#...##.###
###.####.#†#....#
.........#......#
#..........#...#
#..............#
+..........#.#.#
###..........#.#.#
..'......@...#.#.#
#.K........+....
####.....o....#.#.#
......[.....###.###
#######o###.#....
...............
#######o###.#.# #
#.# #.#.# #...###.#
.# #


You could see 2 orcs and a kobold.


Message History

Unknown command.
You reach down and open the door.
There is an open door here.
A giant cockroach comes into view.
Danger!
A bat comes into view.
Natasha, Servant of Life and Death comes into view.
You roll towards the bat!
The helpless bat fails to defend itself.
You puncture the bat!
You kill the bat!
No target in view!
No target in view!
Unknown command.
Danger!
Natasha hisses angrily.
Natasha casts a spell.
You hit the giant cockroach.
The giant cockroach bites you but does no damage.
Natasha mumbles some strange words.
The giant cockroach attacks as you move away!
The giant cockroach bites you. The giant cockroach barely misses you.
The giant cockroach attacks as you move away!
The giant cockroach barely misses you.
The giant cockroach attacks as you move away!
The giant cockroach bites you but does no damage.
Natasha howls an incantation.
Natasha glows brightly for a moment.
Unknown command.
The blast of sand hits the giant cockroach.
You kill the giant cockroach!
Unknown command.
The blast of sand hits Natasha!
Natasha casts a spell at you. The magic dart hits you.
Unknown command.
You are too injured to fight recklessly!
Unknown command.
Casting: Sandblast (safe; 4% risk of failure)
Confirm with . or Enter, or press ? or * to list all spells.
Aiming: Sandblast (safe; 4% risk of failure)
Press: ? - help, Shift-Dir - straight line, f/p - Natasha
Aim: Natasha (severely wounded, 77% to hit)
The blast of sand hits Natasha!
You kill Natasha!
Natasha screams in fury as she dies!
The white imp disappears in a puff of smoke!
The iron imp disappears in a puff of smoke!
Unknown command.
Unknown command.
You see here a bat corpse.
s - a +0 robe An orc comes into view. It is wielding a +0 mace.
Danger!
Found a stone staircase leading down.
An orc comes into view. It is wielding a +0 mace.
An orc priest comes into view. It is wielding a +0 mace.
The orc shouts!
The orc priest shouts!
The orc priest miscasts a cantrip.
You roll towards the orc!
The orc shouts!
You hit the orc but do no damage.
You hear a shout! x2
A kobold comes into view. It is wielding a +0 whip.
The orc hits you with a +0 mace!
Unknown command.
The orc attacks as you move away! The orc hits you with a +0 mace.
Unknown command.
Casting: Sandblast (safe; 4% risk of failure)
Confirm with . or Enter, or press ? or * to list all spells.
Aiming: Sandblast (safe; 4% risk of failure)
Press: ? - help, Shift-Dir - straight line, f - orc
Aim: an orc, wielding a +0 mace (82% to hit)
The blast of sand hits the orc.
The orc hits you with a +0 mace.
Casting: Sandblast (safe; 4% risk of failure)
Confirm with . or Enter, or press ? or * to list all spells.
Aiming: Sandblast (safe; 4% risk of failure)
Press: ? - help, Shift-Dir - straight line, f/p - orc
Aim: an orc, wielding a +0 mace (heavily wounded, 82% to hit)
You miscast Sandblast.
You are very lightly contaminated with residual magic.
Nothing appears to happen.
The orc priest casts a cantrip, but nothing happens.
The orc hits you with a +0 mace.
* * * LOW HITPOINT WARNING * * *
Unknown command.
A kobold comes into view. It is wielding a +3 sling.
The kobold shoots a sling bullet.
The sling bullet hits you.
* * * LOW HITPOINT WARNING * * *
The orc attacks as you move away! The orc hits you but does no damage.
The kobold shoots a sling bullet.
The sling bullet hits you.
* * * LOW HITPOINT WARNING * * *
The orc attacks as you move away! The orc barely misses you.
The kobold shoots a sling bullet.
The sling bullet barely misses you.
Unknown command.
The kobold shoots a sling bullet.
The sling bullet barely misses you. The orc attacks as you move away!
The orc barely misses you. The orc attacks as you move away!
The orc hits you but does no damage.
The kobold shoots a sling bullet.
The sling bullet hits you.
You die...

Skill      XL: |  1  2 |
---------------+-------+-----
Earth Magic    | 3 |  3.6
Stealth        | 3 |  3.9
Dodging        | |  1.3
Spellcasting   | |  1.7
Transmutations | |  0.8

Action                   || total
-------------------------++-------
Melee: War axe           ||    22
       Tailslap          ||     2
       Quarterstaff      ||    15
       Dagger            ||    23
 Cast: Sandblast         ||    27
 Stab: Sleeping          ||    10
Armor: Robe              ||    35
Dodge: Dodged            ||    34

Levels and vault maps discovered:
D:1:      matt_arrival_refuge, layout_basic
D:2:      layout_basic, basic_altar, minmay_diced_spiral
D:3:      layout_basic, uniq_natasha, uniq_grinder, uniq_ijyb

Notes
Turn   | Place    | Note
-------+----------+-------------------------------------------
     0 | D:1      | Sobieck the Armataur Earth Elementalist began the quest for
                  | the Orb.
     0 | D:1      | Reached XP level 1. HP: 14/14 MP: 3/3
   168 | D:1      | HP: 2/14 [jackal (2)]
   170 | D:1      | Reached skill level 3 in Earth Magic
   170 | D:1      | Reached XP level 2. HP: 4/21 MP: 0/4
   175 | D:1      | HP: 2/21 [frozen (3)]
   373 | D:1      | You pick up a book of Dangerous Friends and begin
                  | reading...
   373 | D:1      | You add the spells Summon Guardian Golem, Orb of
                  | Destruction and Spellforged Servitor to your library.
   424 | D:1      | Reached skill level 3 in Stealth
  1018 | D:2      | Reached XP level 3. HP: 25/27 MP: 5/5
  1376 | D:2      | Found a bloodstained altar of Trog.
  1628 | D:3      | Noticed Natasha
  1640 | D:3      | Killed Natasha
  1710 | D:3      | HP: 6/27 [kobold/sling bullet (4)]
  1714 | D:3      | Shot with a sling bullet by a kobold

Vanquished Creatures
  Natasha (D:3)
  A worm (D:2)
  A ball python (D:1)
  5 endoplasms
  3 giant cockroaches
  2 goblins (D:1)
  3 hobgoblins
  3 jackals (D:1)
  2 quokkas
  5 bats
  3 frilled lizards
  5 kobolds (D:1)
  A rat (D:1)
35 creatures vanquished.

Table legend:
 A = Non-vault XP
 B = Vault XP
 C = Vault XP percentage of total XP
 D = Non-vault monster count
 E = Vault monster count
 F = Vault count percentage of total count
                 A         B        C        D         E       F
            +---------+---------+-------+---------+---------+-------
      Total |      52 |      43 |  45.3 |      30 |       5 |  14.3
            +---------+---------+-------+---------+---------+-------
        D:1 |      34 |       0 |   0.0 |      21 |       0 |   0.0
        D:2 |      15 |       8 |  34.8 |       7 |       4 |  36.4
        D:3 |       3 |      35 |  92.1 |       2 |       1 |  33.3
            +---------+---------+-------+---------+---------+-------

Illustrated notes

Table legend:
 A = Kills in this place as a percentage of kills in entire the game.
 B = Kills by you in this place as a percentage of kills by you in the entire game.
 C = Kills by friends in this place as a percentage of kills by friends in the entire game.
 D = Other kills in this place as a percentage of other kills in the entire game.
 E = Experience gained in this place as a percentage of experience gained in the entire game.
 F = Experience gained in this place divided by the number of levels of this place that you have seen.
                   A       B       C       D       E      F
               +-------+-------+-------+-------+-------+----------------------
         Total | 100.0 | 100.0 |   N/A |   N/A | 100.0 |  31.7
       Dungeon | 100.0 | 100.0 |   N/A |   N/A | 100.0 |  31.7
               +-------+-------+-------+-------+-------+----------------------

Table legend: (Time is in decaauts)
 A = Elapsed time spent in this place.
 B = Non-inter-level travel time spent in this place.
 C = Inter-level travel time spent in this place.
 D = Time resting spent in this place.
 E = Time spent auto-exploring this place.
 F = Levels seen in this place.
 G = Mean time per level.
                   A        B        C        D        E       F      G
               +--------+--------+--------+--------+--------+-----+--------+
         Total |   1732 |   1684 |     48 |     80 |   1341 |   3 |  577.3 |
       Dungeon |   1732 |   1684 |     48 |     80 |   1341 |   3 |  577.3 |
               +--------+--------+--------+--------+--------+-----+--------+

Top non-repeatable levels by time:
     D:1: 962 daAuts
     D:2: 669 daAuts
     D:3: 100 daAuts
